 Dungeon Crawl Stone Soup version 0.31-a0-851-g7ff8af7976 (webtiles) character file.

Game seed: 3796003338897809531

3072 Getoffmy the Zephyrmancer (level 9, -4/45 HPs)
             Began as a Tengu Air Elementalist on Oct 5, 2023.
             Killed from afar by an acid dragon (11 damage)
             ... with a splash of acid
             ... on level 9 of the Dungeon on Oct 6, 2023.
             The game lasted 00:31:57 (7404 turns).

Getoffmy the Zephyrmancer (Tengu Air Elementalist)  Turns: 7404, Time: 00:31:58

Health: -4/45      AC:  5    Str:  8    XL:     9   Next: 88%
Magic:  2/19       EV: 31    Int: 20    God:
Gold:   122        SH:  0    Dex: 15    Spells: 2/20 levels left

rFire   + + .        m - +2 dagger (speed)
rCold   + . .        (no shield)
rNeg    . . .        s - +2 robe {rC+ rF+}
rPois   .            (helmet restricted)
rElec   .            D - +0 cloak {rCorr}
rCorr   +            (no gloves)
SInv    .            (boots unavailable)
Will    .....        (no amulet)
Stlth   ++           h - ring of protection from fire
HPRegen 0.27/turn    (no ring)
MPRegen 0.16/turn

%: acrobat
@: sluggish, acrobatic, flying, very slightly contaminated, invisible, very slow
A: beak, talons 3, evasive flight, acrobatic
a: no special abilities


You were on level 9 of the Dungeon.
You visited 1 branch of the dungeon, and saw 7 of its levels.
You also visited: Ossuary.

You collected 212 gold pieces.
You spent 90 gold pieces at shops.

Inventory:

Hand Weapons
 m - a +2 dagger of speed (weapon)
 u - a +0 hammer of holy wrath
 A - a +0 whip of flaming
Missiles
 e - 24 poisoned darts
 o - 41 stones
Armour
 s - a +2 robe of resistance (worn)
 w - an orb of light
 D - a +0 cloak of preservation (worn)
Jewellery
 h - a ring of protection from fire (left hand)
 k - an amulet of regeneration
Talismans
 r - a flux talisman
Wands
 l - a wand of iceblast (4)
 y - a wand of flame (6)
Scrolls
 a - a scroll of immolation
 c - 2 scrolls of poison
 i - 2 scrolls of teleportation
 j - 2 scrolls of fear
 n - 2 scrolls of amnesia
 C - a scroll of noise
Potions
 b - 2 potions of magic
 f - a potion of berserk rage
 g - 3 potions of haste
 p - 2 potions of heal wounds
 q - 5 potions of curing
 t - 3 potions of resistance
 v - a potion of brilliance {unknown}
 x - a potion of lignification {unknown}
 z - 2 potions of attraction
 B - a potion of enlightenment


   Skills:
 - Level 2.1 Dodging
 - Level 2.0 Stealth
 + Level 6.4 Spellcasting
 + Level 8.9 Conjurations
 * Level 12.9 Air Magic


You had 2 spell levels left.
You knew the following spells:

 Your Spells              Type           Power      Damage    Failure   Level
a - Shock                 Conj/Air       100%       1d9       1%          1
b - Static Discharge      Conj/Air       100%       2-7/arc   1%          2
c - Swiftness             Air            55%        N/A       1%          3
d - Airstrike             Air            27%        2d(4-20)  1%          4
e - Mephitic Cloud        Conj/Pois/Air  35%        N/A       1%          3
f - Freezing Cloud        Conj/Ice/Air   17%        6-21      14%         5

Your spell library contained the following spells:

 Spells                   Type           Power      Damage    Failure   Level
 Magic Dart               Conj           100%       1d8       1%          1
 Cigotuvi's Dreadful Rot  Necr/Pois/Air  46%        N/A       2%          2
 Sandblast                Erth           12%        2d6       10%         1
 Slow                     Hex            24%        N/A       10%         1
 Call Imp                 Summ           12%        N/A       16%         2
 Passwall                 Tmut/Erth      5%         N/A       16%         2
 Stone Arrow              Conj/Erth      48%        3d10      4%          3
 Brom's Barrelling Bould  Conj/Erth      24%        2d5       16%         4
 Confusing Touch          Hex            6%         N/A       30%         3
 Ignite Poison            Fire/Tmut/Pois 6%         N/A       30%         3
 Sigil of Binding         Hex            6%         N/A       30%         3
 Vampiric Draining        Necr           6%         2d6       30%         3


Dungeon Overview and Level Annotations

Branches:
Dungeon (6/15)            Ossuary (visited)
 Temple: D:4-7

Altars:
Zin

Shops:
D:1 :


Innate Abilities, Weirdness & Mutations

You have a beak for a mouth.
You have claws for feet.
Your magical flight helps you evade attacks. (EV +4)
You can magically evade attacks while moving or waiting.


Message History

The killer bee is severely wounded.
The zap hits the centaur but does no damage.
The centaur is moderately wounded.
You feel sluggish. The killer bee misses you. x2
Casting: Shock (safe; 1% risk of failure)
Confirm with . or Enter, or press ? or * to list all spells.
The killer bee is struck by an arc of lightning.
The killer bee is almost dead.
You are struck by an arc of lightning.
The killer bee is struck by an arc of lightning.
You kill the killer bee!
You are struck by an arc of lightning.
* * * LOW HITPOINT WARNING * * *
You see here a killer bee corpse. 2 kobolds come into view.
Things that are here:
a +0 short sword; 6 poisoned darts; a killer bee corpse You hit the acid dragon but do no damage.
Your kick misses the acid dragon.
You peck the acid dragon, but do no damage.
The acid dragon misses you. The acid dragon claws you.
* * * LOW HITPOINT WARNING * * *
You closely miss the acid dragon.
You claw the acid dragon, but do no damage.
The acid dragon closely misses you. The acid dragon barely misses you.
A kobold comes into view. It is wielding a +0 short sword.
The acid dragon spits acid past the kobold.
You hear a shout! x2
The acid dragon misses you. The acid dragon claws you.
* * * LOW HITPOINT WARNING * * *
The acid dragon closely misses you. The acid dragon completely misses you.
The kobold completely misses you.
A kobold comes into view. It is wielding a +0 short sword.
You start to feel a little faster.
The kobold completely misses you.
A kobold comes into view. It is wielding a +2 whip of flaming.
The acid dragon spits acid at you. The splash of acid hits you! You resist.
You die...

#.##..... #.#......
#....... ##.....
##....### ##....K..##
#.........###
##..K@D......#########
##K..#..K..#...#.......
#...###....##..........
#K..#####)...##....#####
#.<.# #..†....###..##
#...# ##.......##..##
#...# ###......#...#
...# ##....c#...# ..#
##........#


You could see an acid dragon (unable to see you, catching breath), a centaur
(wandering, unable to see you) and 5 kobolds.

Vanquished Creatures
  Pikel (D:4)
  Grinder (D:4)
  Sigmund (D:2)
  Eustachio (D:4)
  A water moccasin (D:5)
  An orc warrior (D:6)
  3 black bears
  2 ice beasts (D:5)
  A centaur (D:5)
  2 lemures (D:4)
  A kobold brigand (D:9)
  3 water moccasin zombies (Ossuary)
  3 scorpions
  3 killer bees (D:9)
  A jelly (D:6)
  6 hounds
  2 orc priests
  A sleepcap (D:5)
  Crazy Yiuf (D:5)
  2 iguanas
  Jessica (D:3)
  Natasha (thrice) (D:4)
  5 orc wizards
  2 mummies (Ossuary)
  7 adders
  6 adder zombies (Ossuary)
  4 worms
  2 dart slugs
  8 orcs
  6 ball pythons
  7 bats
  11 endoplasms
  6 giant cockroaches
  18 goblins
  14 hobgoblins
  3 quokkas
  2 frilled lizards (D:2)
  2 gnoll zombies (Ossuary)
  A hobgoblin zombie (Ossuary)
  4 kobolds
  3 kobold zombies (Ossuary)
  5 orc zombies (Ossuary)
  8 rats
165 creatures vanquished.

Notes
Turn   | Place    | Note
-------+----------+-------------------------------------------
     0 | D:1      | Getoffmy the Tengu Air Elementalist began the quest for the
                  | Orb.
     0 | D:1      | Reached XP level 1. HP: 10/10 MP: 4/4
   153 | D:1      | Found Yfaydov's Book Boutique.
   230 | D:1      | Reached XP level 2. HP: 12/15 MP: 1/6
   905 | D:2      | Reached XP level 3. HP: 19/19 MP: 4/7
  1104 | D:2      | Noticed Sigmund
  1109 | D:2      | Learned a level 2 spell: Static Discharge
  1229 | D:2      | Killed Sigmund
  1230 | D:2      | Reached skill level 6 in Air Magic
  1230 | D:2      | Reached XP level 4. HP: 5/24 MP: 0/9
  1230 | D:2      | Reached XP level 5. HP: 6/28 MP: 0/10
  1418 | D:2      | Found a faded altar of an unknown god.
  2120 | D:2      | Reached XP level 6. HP: 32/32 MP: 9/11
  2312 | D:2      | Learned a level 3 spell: Swiftness
  2317 | D:2      | Learned a level 4 spell: Airstrike
  2451 | D:3      | Noticed Jessica
  2485 | D:3      | Reached skill level 7 in Air Magic
  2884 | D:3      | Killed Jessica
  3135 | D:3      | Upgraded the game from 0.31-a0-848-gaac375c287 to
                  | 0.31-a0-851-g7ff8af7976
  3495 | D:4      | Noticed Eustachio
  3525 | D:4      | Killed Eustachio
  3526 | D:4      | Gained mutation: Your magical flight helps you evade
                  | attacks. (EV +4) [Tengu growth]
  3526 | D:4      | Reached XP level 7. HP: 28/36 MP: 2/13
  3668 | D:4      | Reached skill level 5 in Conjurations
  3668 | D:4      | Reached skill level 8 in Air Magic
  3726 | D:4      | Found a sand-covered staircase.
  3734 | Ossuary  | Entered an ossuary
  3873 | Ossuary  | Reached skill level 9 in Air Magic
  3978 | Ossuary  | Reached XP level 8. HP: 39/41 MP: 13/15
  4052 | D:4      | Noticed Grinder
  4067 | D:4      | Killed Grinder
  4131 | D:4      | Noticed Natasha
  4139 | D:4      | Killed Natasha
  4162 | D:4      | Noticed Pikel
  4279 | D:4      | Killed Pikel
  4280 | D:4      | Reached skill level 5 in Spellcasting
  4280 | D:4      | Reached skill level 10 in Air Magic
  4324 | D:4      | Noticed Natasha
  4337 | D:4      | Killed Natasha
  4472 | D:4      | Reached skill level 11 in Air Magic
  4472 | D:4      | Reached XP level 9. HP: 45/45 MP: 14/18
  4775 | D:4      | Learned a level 3 spell: Mephitic Cloud
  4950 | D:4      | Noticed Natasha
  4958 | D:4      | Killed Natasha
  5250 | D:5      | Entered Level 5 of the Dungeon
  5466 | D:5      | Found a runed translucent door.
  5467 | D:5      | Noticed Crazy Yiuf
  5924 | D:5      | Found Zin's Purification Station.
  5926 | D:5      | Found a glowing silver altar of Zin.
  5929 | D:5      | Bought a potion of curing for 90 gold pieces
  5958 | D:5      | Reached skill level 12 in Air Magic
  6407 | D:5      | Killed Crazy Yiuf
  7336 | D:6      | You are sucked into a shaft and drop 3 floors!
  7351 | D:9      | Learned a level 5 spell: Freezing Cloud
  7404 | D:9      | Killed from afar by an acid dragon

Illustrated notes

Levels and vault maps discovered:
D:1:      matt_arrival_grand_opening, layout_rooms, serial_shops,
          nicolae_shop_trees
D:2:      layout_loops_corners, hellmonk_ecumenical_altar_blasted,
          minmay_divided_ellipse, uniq_sigmund
D:3:      layout_rooms, minmay_misc_feat_doors, minmay_goblin_kobold_house,
          uniq_jessica
D:4:      layout_basic, nicolae_ossuary_entry_plus, uniq_grinder, uniq_pikel,
          uniq_natasha, uniq_eustachio
D:5:      cheibrodos_quashed, layout_loops_cross, zin_purify,
          uniq_crazy_yiuf_cottage
D:6:      lemuel_insect_pit, layout_layer_cave, makhleb_grotto_becter,
          hangedman_decor_opposing
D:9:      layout_cave_pods, nzn_wu_jian_contemplation, fedhas_altar_1,
          lemuel_crystal_altar, nicolae_qazlal_scattered_showers, orc_0_dummy,
          biasface_ghost_orc_armoury

Skill      XL: |  1  2  3  4  5  6  7  8  9 |
---------------+----------------------------+-----
Conjurations   | 2 3 4 5 7 8 |  8.9
Spellcasting   | 3 4 5 6 |  6.4
Air Magic      | 6 7 9 11 12 | 12.9
Dodging        | |  2.1
Stealth        | |  2.0

Action                     |  1- 3 |  4- 6 |  7- 9 || total
---------------------------+-------+-------+-------++-------
  Melee: Dagger            |    19 |    19 |    82 ||   120
         Kick              |     4 |     4 |    32 ||    40
         Peck              |     3 |     4 |    15 ||    22
         Punch             |       |       |     1 ||     1
   Cast: Shock             |    43 |    94 |   171 ||   308
         Static Discharge  |       |     7 |     4 ||    11
         Airstrike         |       |       |     2 ||     2
         Swiftness         |       |       |     1 ||     1
    Use: Scroll            |       |     9 |     9 ||    18
         Potion            |       |       |     2 ||     2
   Stab: Sleeping          |     1 |     4 |     3 ||     8
 Armour: Robe              |    14 |    20 |    79 ||   113
  Dodge: Dodged            |    27 |    48 |   151 ||   226

Table legend: (Time is in decaauts)
 A = Elapsed time spent in this place.
 B = Non-inter-level travel time spent in this place.
 C = Inter-level travel time spent in this place.
 D = Time resting spent in this place.
 E = Time spent auto-exploring this place.
 F = Levels seen in this place.
 G = Mean time per level.
                   A        B        C        D        E       F      G
               +--------+--------+--------+--------+--------+-----+--------+
         Total |   7380 |   6813 |    567 |   2042 |   3034 |   8 |  922.5 |
       Dungeon |   7088 |   6521 |    567 |   1921 |   3012 |   7 | 1012.6 |
       Ossuary |    292 |    292 |      0 |    121 |     22 |   1 |  292.0 |
               +--------+--------+--------+--------+--------+-----+--------+

Top non-repeatable levels by time:
     D:2: 1967 daAuts
     D:4: 1537 daAuts
     D:5: 1450 daAuts
     D:1: 826 daAuts
     D:3: 814 daAuts
     D:6: 424 daAuts
 Ossuary: 292 daAuts
     D:9: 67 daAuts
